 Dungeon Crawl Stone Soup version 0.28-a0-1510-gd0f6b136d3 (webtiles) character file.

Game seed: 7860127989264324598

40 southernslant the Cudgeller (level 3, -1/23 HPs)
             Began as a Gargoyle Gladiator on Jan 16, 2022.
             Slain by a gnoll (5 damage)
             ... on level 2 of the Dungeon.
             The game lasted 00:03:08 (1327 turns).

southernslant the Cudgeller (Gargoyle Gladiator)    Turns: 1327, Time: 00:03:09

Health: -1/23      AC:  7    Str: 19    XL:     3   Next: 50%
Magic:  3/3        EV: 12    Int:  8    God:
Gold:   61         SH:  0    Dex: 11    Spells: 2/2 levels left

rFire   . . .      SeeInvis .   a - +0 flail
rCold   . . .      Faith    .   (no shield)
rNeg    + . .      Spirit   .   b - +0 leather armour
rPois   ∞          Reflect  .   c - +0 helmet
rElec   +          Harm     .   (no cloak)
rCorr   .          Rampage  .   (no gloves)
Will    .....                   (no boots)
Stlth   +.........              (no amulet)
HPRegen 0.07/turn               (no ring)
MPRegen 0.08/turn               (no ring)

@: no status effects
A: sickness immunity, AC +3, negative energy resistance 1, electricity
resistance, torment resistance 1, petrification resistance
a: no special abilities


You were on level 2 of the Dungeon.
You visited 1 branch of the dungeon, and saw 2 of its levels.

You collected 61 gold pieces.

Inventory:

Hand Weapons
 a - a +0 flail (weapon)
Missiles
 d - 4 throwing nets (quivered)
Armour
 b - a +0 leather armour (worn)
 c - a +0 helmet (worn)
Scrolls
 e - a scroll of amnesia {unknown}
 f - a scroll of immolation {unknown}
 g - a scroll of identify {unknown}
Potions
 h - a potion of degeneration {unknown}
 i - a potion of brilliance {unknown}


   Skills:
 * Level 3.0 Fighting
 + Level 3.2 Maces & Flails
 + Level 2.0 Throwing
 * Level 1.4 Armour
 + Level 2.6 Dodging


You had 2 spell levels left.
You didn't know any spells.
Your spell library contained the following spells:

 Spells                   Type           Power      Damage    Failure   Level
 Magic Dart               Conj           0%         1d3       45%         1
 Searing Ray              Conj           0%         2d4       61%         2
 Conjure Flame            Conj/Fire      0%         6-21      83%         3
 Ignite Poison            Fire/Tmut/Pois 0%         N/A       83%         3
 Fulminant Prism          Conj/Hex       0%         3d6       99%         4
 Sticky Flame             Conj/Fire      0%         2d3       99%         4


Dungeon Overview and Level Annotations

Branches:
Dungeon (2/15)

Altars:


Innate Abilities, Weirdness & Mutations

You are immune to sickness and miasma.
Your stone body is resilient. (AC +3)
You are immune to poison.
You resist negative energy. (rN+)
You are resistant to electric shocks. (rElec)
You are resistant to unholy torment.
You are immune to petrification.


Message History

The adder bites you. The adder bites you but does no damage.
You closely miss the adder.
The adder is severely wounded.
The adder barely misses you.
You closely miss the adder.
The adder is severely wounded.
The adder completely misses you. The adder misses you.
You barely miss the adder.
The adder is severely wounded.
The adder bites you but does no damage.
You hit the adder.
You kill the adder!
Your Fighting skill increases to level 3!
You see here an adder corpse.
You open the door.
A bat comes into view.
Found a stone staircase leading up.
The bat closely misses you.
There is an open door here.
The bat hits you but does no damage.
You hit the bat.
You kill the bat!
No target in view!
There is an open door here. 2 gnolls come into view.
The gnoll shouts! x2; You hear a shout!
The gnoll throws a throwing net.
The throwing net misses you.
You see here a throwing net.
A gnoll comes into view. It is wielding a +0 halberd.
You see here a throwing net.
d - 4 throwing nets (gained 1)
There is an open door here.
The gnoll hits you with a +0 halberd!
The gnoll hits you from afar with a +0 spear.
You closely miss the gnoll. The gnoll hits you with a +0 halberd!
* * * LOW HITPOINT WARNING * * *
The gnoll completely misses you. The gnoll closely misses you.
You hit the gnoll but do no damage. The gnoll closely misses you.
The gnoll hits you with a +0 halberd.
You die...

#####....#############.# ######
....................>..#####
#####.##.##########.##.....#
####.#<......#........###.#
..........†...#.###.#..# #.#
..............#...#.#..###.#####
..............#<#.#.#....#......
..............#.#.#.#.##.#######
..#####......##@#.#... #...# #
#......##g#.########.#
#......##g#.# #.....#
#..######g#.## #.#####
#.........# #.# #.........###†#
#.............#
..gg.g.......#####
...#####.....#


You could see 3 gnolls.

Vanquished Creatures
  A gnoll (D:1)
  An adder (D:2)
  A dart slug (D:1)
  5 endoplasms
  2 goblins (D:1)
  A hobgoblin (D:1)
  3 ball pythons
  3 bats
  4 rats
21 creatures vanquished.

Notes
Turn   | Place    | Note
-------+----------+-------------------------------------------
     0 | D:1      | southernslant the Gargoyle Gladiator began the quest for
                  | the Orb.
     0 | D:1      | Reached XP level 1. HP: 12/12 MP: 1/1
   260 | D:1      | Reached skill level 1 in Armour
   260 | D:1      | Reached XP level 2. HP: 9/18 MP: 2/2
   780 | D:1      | Reached XP level 3. HP: 22/22 MP: 3/3
  1327 | D:2      | Slain by a gnoll

Illustrated notes

Levels and vault maps discovered:
D:1:      dpeg_arrival_connections, layout_loops_corners
D:2:      minmay_diamond_boxcup, layout_basic, uniq_jessica

Skill      XL: |  1  2  3 |
---------------+----------+-----
Armour         | 1 |  1.4
Throwing       | 2 |  2.0
Fighting       | 3 |  3.0
Maces & Flails | |  3.2
Dodging        | |  2.6

Action                   || total
-------------------------++-------
Melee: Flail             ||    61
       Punch             ||     1
 Stab: Sleeping          ||     1
Armor: Leather armour    ||    29
Dodge: Dodged            ||    37

Table legend: (Time is in decaauts)
 A = Elapsed time spent in this place.
 B = Non-inter-level travel time spent in this place.
 C = Inter-level travel time spent in this place.
 D = Time resting spent in this place.
 E = Time spent auto-exploring this place.
 F = Levels seen in this place.
 G = Mean time per level.
                   A        B        C        D        E       F      G
               +--------+--------+--------+--------+--------+-----+--------+
         Total |   1342 |   1342 |      0 |      0 |   1145 |   2 |  671.0 |
       Dungeon |   1342 |   1342 |      0 |      0 |   1145 |   2 |  671.0 |
               +--------+--------+--------+--------+--------+-----+--------+

Top non-repeatable levels by time:
     D:1: 1167 daAuts
     D:2: 175 daAuts
